 Dungeon Crawl Stone Soup version 0.27-a0-1101-ge311f74bc8 (webtiles) character file.

Game seed: 717926137943160758

66 sizableburger the Cudgeller (level 4, -11/32 HPs)
             Began as a Human Wanderer on Apr 28, 2021.
             Was a Follower of Qazlal.
             Mangled by an ogre
             ... wielding a +0 giant spiked club
              (33 damage)
             ... on level 4 of the Dungeon on Apr 29, 2021.
             The game lasted 00:09:01 (3278 turns).

sizableburger the Cudgeller (Human Wanderer)        Turns: 3278, Time: 00:09:02

Health: -11/32     AC:  2    Str: 11    XL:     4   Next: 37%
Magic:  1/6        EV: 11    Int: 15    God:    Qazlal [*.....]
Gold:   135        SH:  1    Dex: 12    Spells: 2/5 levels left

rFire    . . .     SeeInvis .   g - +0 quarterstaff
rCold    . . .     Faith    .   (shield currently unavailable)
rNeg     . . .     Spirit   .   e - +0 robe
rPois    .         Reflect  .   (no helmet)
rElec    .         Harm     .   (no cloak)
rCorr    .         Rampage  .   (no gloves)
Will     .....                  (no boots)
Stlth    +.........             (no amulet)
HPRegen  0.10/turn              (no ring)
MPRegen  0.10/turn              (no ring)

@: no status effects
A: no striking features
a: Renounce Religion


You were on level 4 of the Dungeon.
You worshipped Qazlal.
Qazlal was aware of your devotion.
You visited 1 branch of the dungeon, and saw 4 of its levels.

You collected 135 gold pieces.

Inventory:

Hand Weapons
 a - a +2 mace
 d - a +0 dagger
 g - a +0 quarterstaff (weapon)
Missiles
 c - 21 poisoned darts
Armour
 e - a +0 robe (worn)
Jewellery
 i - an amulet of faith
Wands
 j - a wand of iceblast (4)
Scrolls
 f - 2 scrolls of identify {unknown}
 h - a scroll of enchant weapon {unknown}
 l - a scroll of acquirement {unknown}
Potions
 b - a potion of degeneration {unknown}
 k - a potion of berserk rage {unknown}
 m - 2 potions of lignification {unknown}


   Skills:
 + Level 1.5 Fighting
 - Level 3.4 Maces & Flails
 + Level 0.2(2.1) Staves
 - Level 1.3 Throwing
 + Level 1.4 Spellcasting
 + Level 1.2 Conjurations
 - Level 3.0 Hexes
 - Level 2.0 Air Magic
 - Level 0.1 Invocations
 - Level 1.0 Evocations


You had 2 spell levels left.
You knew the following spells:

 Your Spells              Type           Power      Damage    Failure   Level
a - Magic Dart            Conj           16%        1d3       14%         1
b - Searing Ray           Conj           8%         3d3       22%         2

Your spell library contained the following spells:

 Spells                   Type           Power      Damage    Failure   Level
 Slow                     Hex            10%        N/A       11%         2
 Static Discharge         Conj/Air       5%         N/A       19%         2
 Blink                    Tloc           N/A        N/A       34%         2
 Call Imp                 Summ           1%         N/A       34%         2
 Dazzling Flash           Conj/Hex       14%        N/A       30%         3
 Mephitic Cloud           Conj/Pois/Air  4%         N/A       41%         3
 Conjure Flame            Conj/Fire      2%         6-21      50%         3
 Fulminant Prism          Conj/Hex       3%         3d6       69%         4
 Iskenderun's Mystic Bla  Conj/Tloc      2%         2d3       88%         4


Dungeon Overview and Level Annotations

Branches:
Dungeon (4/15)
 Temple: D:4-7

Altars:
Dithmenos
Gozag
Hepliaklqana
Qazlal

Shops:
D:3 =*=[=   D:4 [


Message History

The searing ray misses the phantom. (Press . to maintain the ray.)
The searing ray misses the phantom.
The searing ray hits the phantom.
The phantom is lightly damaged.
The phantom barely misses you.
Without enough magic to sustain it, your searing ray dissipates.
The phantom closely misses you.
You barely miss the phantom.
The phantom is lightly damaged.
You block the phantom's attack.
The phantom hits you but does no damage.
You barely miss the phantom.
The phantom is lightly damaged.
The phantom barely misses you.
You hit the phantom but do no damage.
The phantom is lightly damaged.
The phantom closely misses you.
You barely miss the phantom.
The phantom is lightly damaged.
The phantom hits you!
The phantom blinks!
You blink.
Found 11 gold pieces.
An ogre comes into view. It is wielding a +0 giant spiked club.
You are too injured to fight recklessly!
You are too injured to fight recklessly!
You are too injured to fight recklessly!
You are too injured to fight recklessly!
You are too injured to fight recklessly!
You are too injured to fight recklessly!
You are too injured to fight recklessly!
A kobold comes into view. It is wielding a +0 club.
The kobold throws a stone.
The stone hits you.
Unknown command.
The phantom hits you.
The phantom blinks!
You blink.
You miss the phantom.
The phantom is lightly damaged.
The phantom completely misses you.
The ogre hits you with a +0 giant spiked club!!
Ouch! That really hurt!
You die...

#### # . ..$### .#
.. .....##.# ....
....... .....
#.#..#
......#....#
......#...###
.......@W...#####
......#.O.ยง.K...K
......##..######
###.#.....#..### #
#.###....#.### #
###.#..#.###
#+#.#..#.###
###.#..#.###
###.#..#.#


You could see a phantom, an ogre and a kobold.

Vanquished Creatures
  2 adders (D:2)
  A worm (D:2)
  A ball python (D:1)
  6 bats
  6 endoplasms
  2 giant cockroaches
  3 goblins
  4 hobgoblins
  4 quokkas
  2 frilled lizards (D:3)
  5 kobolds
  5 rats
41 creatures vanquished.

Notes
Turn   | Place    | Note
-------+----------+-------------------------------------------
     0 | D:1      | sizableburger the Human Wanderer began the quest for the
                  | Orb.
     0 | D:1      | sizableburger set off with the following items: a +2 mace,
                  | 9 poisoned darts, a +0 dagger, a +0 robe; and the following
                  | spells available to memorise: Static Discharge, Searing Ray
     0 | D:1      | Reached XP level 1. HP: 13/13 MP: 1/1
   602 | D:1      | Reached XP level 2. HP: 18/20 MP: 2/2
   834 | D:1      | Learned a level 1 spell: Magic Dart
  1018 | D:1      | Reached XP level 3. HP: 23/25 MP: 4/4
  1023 | D:1      | Reached skill level 1 in Fighting
  1128 | D:1      | Learned a level 2 spell: Searing Ray
  1496 | D:2      | Reached skill level 1 in Spellcasting
  1871 | D:2      | Reached skill level 1 in Conjurations
  1871 | D:2      | Reached XP level 4. HP: 14/32 MP: 5/5
  2232 | D:2      | Found a faded altar of an unknown god.
  2268 | D:2      | Became a worshipper of Qazlal Stormbringer
  2268 | D:2      | Reached * piety under Qazlal
  2359 | D:3      | Found Cyxygga's Antique Armour Shop.
  2516 | D:3      | Found Niryz's Jewellery Boutique.
  2574 | D:3      | Found Beofiff's Jewellery Boutique.
  2642 | D:3      | Found a hazy altar of Hepliaklqana.
  2681 | D:3      | Found an opulent altar of Gozag.
  2775 | D:3      | Found Nedutoost's Jewellery Shop.
  2888 | D:3      | Found a shadowy altar of Dithmenos.
  2952 | D:3      | Found Cureoses's General Store.
  3183 | D:4      | Found Gihuim's Antique Armour Boutique.
  3262 | D:4      | Noticed a phantom
  3273 | D:4      | Noticed an ogre
  3278 | D:4      | Mangled by an ogre

Illustrated notes

Levels and vault maps discovered:
D:1:      heliophobic_arrival_enchanted_forest, layout_loops_ring
D:2:      layout_rooms, ebering_ecumenical_altar_petrified, minmay_distorted
D:3:      layout_basic, minitemple, lemuel_doored_altar, serial_shops, shop,
          nicolae_shop_crystal, shop, shop, shop
D:4:      minmay_razor_zed, layout_basic, minmay_temple_entry_statues,
          serial_shops, shop, shop_fountains, nicolae_shop_overgrown_old_shop,
          chequers_arboretum, minmay_fountain_box

Skill      XL: |  1  2  3 |
---------------+----------+-----
Fighting       | 1 |  1.5
Spellcasting   | 1 |  1.4
Conjurations   | 1 |  1.2
Maces & Flails | |  3.4
Staves         | |  0.2
Throwing       | |  1.3
Hexes          | |  3.0
Air Magic      | |  2.0
Invocations    | |  0.1
Evocations     | |  1.0

Action                   |  1- 3 |  4- 6 || total
-------------------------+-------+-------++-------
Melee: Mace              |    65 |    11 ||    76
       Quarterstaff      |       |    22 ||    22
Throw: Dart              |    35 |     5 ||    40
 Cast: Magic Dart        |     3 |     7 ||    10
       Searing Ray       |       |     1 ||     1
  Use: Potion            |     3 |       ||     3
Armor: Robe              |    15 |     5 ||    20
Dodge: Dodged            |    51 |    24 ||    75
Block: Other             |       |     3 ||     3

Table legend: (Time is in decaauts)
 A = Elapsed time spent in this place.
 B = Non-inter-level travel time spent in this place.
 C = Inter-level travel time spent in this place.
 D = Time resting spent in this place.
 E = Time spent auto-exploring this place.
 F = Levels seen in this place.
 G = Mean time per level.
                   A        B        C        D        E       F      G
               +--------+--------+--------+--------+--------+-----+--------+
         Total |   3296 |   3160 |    136 |    779 |   2010 |   4 |  824.0 |
       Dungeon |   3296 |   3160 |    136 |    779 |   2010 |   4 |  824.0 |
               +--------+--------+--------+--------+--------+-----+--------+

Top non-repeatable levels by time:
     D:1: 1372 daAuts
     D:2: 945 daAuts
     D:3: 856 daAuts
     D:4: 121 daAuts
